 Dungeon Crawl Stone Soup version 0.29-a0-872-g797fff5ad1 (webtiles) character file.

Game seed: 2812475841307104190

35 Arri the Chopper (level 3, -1/30 HPs)
             Began as a Minotaur Gladiator on July 19, 2022.
             Slain by a gnoll
             ... wielding a +0 club
              (3 damage)
             ... on level 4 of the Dungeon.
             The game lasted 00:06:21 (666 turns).

Arri the Chopper (Minotaur Gladiator)                Turns: 666, Time: 00:06:22

Health: -1/30      AC:  5    Str: 20    XL:     3   Next: 16%
Magic:  2/2        EV: 12    Int:  5    God:
Gold:   29         SH:  0    Dex: 11    Spells: 2/2 levels left

rFire   . . .      SeeInvis .   a - +0 war axe
rCold   . . .      Faith    .   (no shield)
rNeg    . . .      Spirit   .   j - +0 ring mail
rPois   .          Reflect  .   c - +0 hat
rElec   .          Harm     .   (no cloak)
rCorr   .          Rampage  .   (no gloves)
Will    .....                   (no boots)
Stlth   +.........              (no amulet)
HPRegen 0.10/turn               (no ring)
MPRegen 0.08/turn               (no ring)

@: no status effects
A: horns 2, retaliatory headbutt
a: no special abilities


You were on level 4 of the Dungeon.
You visited 1 branch of the dungeon, and saw 4 of its levels.

You collected 29 gold pieces.

Inventory:

Hand Weapons
 a - a +0 war axe (weapon)
 q - a +0 mace
 r - a +0 flail
Missiles
 d - 3 throwing nets (quivered)
 e - a javelin
 o - 13 stones
Armour
 b - a +0 leather armour
 c - a +0 hat (worn)
 i - a +0 robe
 j - a +0 ring mail (worn)
Scrolls
 f - 3 scrolls of identify {unknown}
 g - a scroll of noise {unknown}
 l - 2 scrolls of fear {unknown}
 n - a scroll of immolation {unknown}
Potions
 h - a potion of magic {unknown}
 k - 2 potions of heal wounds {unknown}
 m - a potion of degeneration {unknown}
 p - a potion of ambrosia {unknown}
 s - a potion of curing {unknown}


   Skills:
 + Level 2.7 Fighting
 + Level 4.0 Axes
 + Level 2.3 Throwing
 + Level 4.0 Dodging


You had 2 spell levels left.
You didn't know any spells.
Your spell library contained the following spells:

 Spells                   Type           Power      Damage    Failure   Level
 Shock                    Conj/Air       0%         1d3       67%         1
 Swiftness                Air            0%         N/A       95%         3
 Airstrike                Air            0%         0-1+      100%        4


Dungeon Overview and Level Annotations

Branches:
Dungeon (4/15)
 Temple: D:4-7

Altars:


Innate Abilities, Weirdness & Mutations

You have a pair of horns on your head.
You reflexively headbutt those who attack you in melee.


Message History

The gnoll shouts!
You hear a shout!
A gnoll comes into view. It is wielding a +0 spear.
A gnoll comes into view. It is wielding a +0 club.
The gnoll shouts!
A gnoll comes into view. It is wielding a +0 club.
The gnoll hits you with a +0 club.
You closely miss the gnoll.
The gnoll shouts!
Your headbutt misses the gnoll. The gnoll hits you with a +0 club.
You slash the gnoll!
The gnoll is severely wounded.
A giant cockroach comes into view.
The gnoll hits you with a +0 club.
The giant cockroach moves out of view.
You hit the gnoll.
You kill the gnoll!
The gnoll barely misses you.
Your Dodging skill increases to level 4!
You have reached level 3!
Your experience leads to an increase in your attributes!
Increase (S)trength, (I)ntelligence, or (D)exterity?
Uppercase letters only, please.
Uppercase letters only, please.
You feel stronger. x2
Save game and exit?
Okay, then.
You see here a +0 club.
You slash the gnoll!
The gnoll is heavily wounded.
The gnoll closely misses you. The gnoll hits you with a +0 club.
The gnoll hits you from afar with a +0 spear!
* * * LOW HITPOINT WARNING * * *
You barely miss the gnoll.
The gnoll is heavily wounded.
A hound comes into view.
The gnoll hits you but does no damage.
The gnoll hits you from afar with a +0 spear!
* * * LOW HITPOINT WARNING * * *
The hound barks!
The gnoll hits you with a +0 club.
You die...

##### ....
... #
#.#####.##
#.†.@<...#
###g.###.....
#.## ..> #g#
. #.# #g# #h#
#)# #.#


You could see a hound and 3 gnolls.

Vanquished Creatures
  A gnoll (D:4)
  2 dart slugs (D:1)
  3 orcs (D:3)
  2 endoplasms (D:1)
  2 goblins (D:1)
  2 kobolds (D:1)
  2 quokkas (D:1)
  2 ball pythons
  A rat (D:1)
17 creatures vanquished.

Notes
Turn   | Place    | Note
-------+----------+-------------------------------------------
     0 | D:1      | Arri the Minotaur Gladiator began the quest for the Orb.
     0 | D:1      | Reached XP level 1. HP: 18/18 MP: 0/0
   108 | D:1      | Reached XP level 2. HP: 17/25 MP: 1/1
   528 | D:1      | You fall into a shaft and drop 1 floor!
   656 | D:4      | Reached XP level 3. HP: 22/30 MP: 2/2
   658 | D:4      | HP: 1/30 [gnoll/+0 spear (8)]
   666 | D:4      | Slain by a gnoll

Illustrated notes

Levels and vault maps discovered:
D:1:      dpeg_arrival_rhombus, layout_loops_ring,
          shapermc_ecumenical_altar_notcrosses, minmay_heptomino_l4
D:2:      layout_basic, uniq_jessica
D:3:      layout_loops_cross, corner_web_ring
D:4:      layout_rooms, grunt_dithmenos_smoke, minmay_temple_entry_poolview,
          minmay_misc_feat_roman, minmay_misc_feat_square

Skill      XL: |  1  2 |
---------------+-------+-----
Axes           | 4 |  4.0
Dodging        | 4 |  4.0
Fighting       | |  2.7
Throwing       | |  2.3

Action                   || total
-------------------------++-------
Melee: War axe           ||    26
       Headbutt          ||     4
  Use: Scroll            ||     1
Armor: Ring mail         ||     6
       Leather armour    ||     1
Dodge: Dodged            ||    21

Table legend: (Time is in decaauts)
 A = Elapsed time spent in this place.
 B = Non-inter-level travel time spent in this place.
 C = Inter-level travel time spent in this place.
 D = Time resting spent in this place.
 E = Time spent auto-exploring this place.
 F = Levels seen in this place.
 G = Mean time per level.
                   A        B        C        D        E       F      G
               +--------+--------+--------+--------+--------+-----+--------+
         Total |    673 |    640 |     33 |      0 |      0 |   4 |  168.2 |
       Dungeon |    673 |    640 |     33 |      0 |      0 |   4 |  168.2 |
               +--------+--------+--------+--------+--------+-----+--------+

Top non-repeatable levels by time:
     D:1: 533 daAuts
     D:3: 92 daAuts
     D:4: 26 daAuts
     D:2: 21 daAuts
